 Dungeon Crawl Stone Soup version 0.23.2-1-ga50397a (webtiles) character file.

Game seed: 4075440617678778996

249 diana the Chopper (level 5, 0/47 HPs)
             Began as a Minotaur Monk on May 31, 2019.
             Slain by an orc wizard
             ... wielding a cursed -1 dagger
              (2 damage)
             ... on level 4 of the Dungeon.
             The game lasted 00:03:55 (2426 turns).

diana the Chopper (Minotaur Monk)                   Turns: 2426, Time: 00:03:56

Health: 0/47       AC:  8    Str: 17      XL:     5   Next: 87%
Magic:  0/4        EV:  8    Int:  5 (7)  God:
Gold:   171        SH:  0    Dex:  9 (12) Spells: 4/4 levels left

rFire    . . .     SeeInvis .   q - -1 hand axe (curse)
rCold    . . .     Gourm    .   (no shield)
rNeg     . . .     Faith    .   s - +0 chain mail
rPois    .         Spirit   +   (helmet restricted)
rElec    .         Reflect  .   (no cloak)
rCorr    .         Harm     .   (no gloves)
MR       .....                  (no boots)
Stlth    ..........             k - amulet of guardian spirit
HPRegen  0.15/turn              (no ring)
MPRegen  0.09/turn              (no ring)

@: confused, slowed, very slow
A: retaliatory headbutt, horns 2
a: no special abilities


You were on level 4 of the Dungeon.
You were very hungry.

You visited 1 branch of the dungeon, and saw 4 of its levels.

You collected 171 gold pieces.

Inventory:

Hand Weapons
 a - a +0 hand axe
 q - a cursed -1 hand axe (weapon)
Armour
 s - a +0 chain mail (worn)
Jewellery
 k - an amulet of guardian spirit (around neck)
Scrolls
 b - a scroll of immolation {unknown}
 d - a scroll of enchant armour {unknown}
 e - 2 scrolls of magic mapping {unknown}
 i - 4 scrolls of remove curse {unknown}
 m - 3 scrolls of teleportation {unknown}
 o - 2 scrolls of identify {unknown}
 p - 2 scrolls of fog {unknown}
Potions
 g - a potion of brilliance {unknown}
 h - 3 potions of degeneration
 j - a potion of magic {unknown}
 l - a potion of haste {unknown}
 r - a potion of curing {unknown}
Comestibles
 c - 9 rations


   Skills:
 + Level 4.6 Fighting
 * Level 5.7 Axes
 + Level 2.6 Armour
 + Level 4.3 Dodging
 - Level 2.1 Stealth


You had 4 spell levels left.
You didn't know any spells.
Your spell library was empty.

Dungeon Overview and Level Annotations

Branches:
Dungeon (4/15)
 Temple: D:4-7

Altars:
Ashenzari
Fedhas
Xom


Innate Abilities, Weirdness & Mutations

You reflexively headbutt those who attack you in melee.
You have a pair of horns on your head.


Message History

You hear some strange, mumbled words.
A magic dart appears from out of thin air!
The magic dart hits you.
* * * LOW HITPOINT WARNING * * *
Unknown command.
You barely miss something. You miss the orc wizard. You hit the orc priest.
The orc priest hits you with a +0 trident.
* * * LOW HITPOINT WARNING * * *
The orc wizard barely misses you. Something hits you but does no damage.
The orc priest invokes the aid of Beogh against you.
Pain shoots through your body!
* * * LOW HITPOINT WARNING * * *
The orc wizard barely misses you.
You closely miss the orc priest.
The orc priest is severely wounded.
You hit the orc wizard.
You kill the orc wizard!
You feel your strength returning.
You barely miss something. Something hits you.
You die...

................
##......####.#
#.<..........#
#.......##(..##
#.....o..##...#
#..o.......)..# .
###.#>..#...).###...
#.#####.)){.....# #.
##.o@..#### ..
#..........
.........#...
#####.........
..###.#... #...
.#... ... .. .. ...#
..


You could see an orc priest and an orc wizard.

Vanquished Creatures
  An orc priest (D:4)
  3 orc wizards
  4 adders
  2 oozes (D:2)
  3 worms
  2 dart slugs
  2 leopard geckos
  10 orcs
  9 bats
  4 giant cockroaches
  9 hobgoblins
  9 jackals
  A ball python (D:3)
  2 frilled lizards
  5 goblins
  A jackal skeleton (D:2)
  6 kobolds
  7 rats
80 creatures vanquished.

Notes
Turn   | Place    | Note
-------+----------+-------------------------------------------
     0 | D:1      | diana the Minotaur Monk began the quest for the Orb.
     0 | D:1      | Reached XP level 1. HP: 19/19 MP: 0/0
   139 | D:1      | Reached XP level 2. HP: 18/27 MP: 1/1
   180 | D:1      | Reached skill level 4 in Axes
   371 | D:1      | Reached skill level 1 in Armour
   644 | D:2      | Reached XP level 3. HP: 6/33 MP: 2/2
  1073 | D:2      | Reached XP level 4. HP: 40/40 MP: 3/3
  1174 | D:2      | Found a faded altar of an unknown god.
  1678 | D:3      | Found a shattered altar of Ashenzari.
  1680 | D:3      | Found a shimmering altar of Xom.
  1756 | D:3      | Reached skill level 5 in Axes
  1932 | D:3      | Found a blossoming altar of Fedhas.
  2224 | D:3      | Reached XP level 5. HP: 40/46 MP: 4/4
  2425 | D:4      | HP: 1/47 [orc priest/nerve-wracking pain (2)]
  2426 | D:4      | Slain by an orc wizard

Skill      XL: |  1  2  3  4 |
---------------+-------------+-----
Axes           | 4 5 |  5.7
Armour         | 1 2 |  2.6
Fighting       | 4 |  4.6
Stealth        | 2 |  2.1
Dodging        | 4 |  4.3

Action                   |  1- 3 |  4- 6 || total
-------------------------+-------+-------++-------
Melee: Hand axe          |    94 |   117 ||   211
       Headbutt          |     8 |    27 ||    35
  Use: Potion            |       |     2 ||     2
 Stab: Sleeping          |     4 |     1 ||     5
       Distracted        |     1 |       ||     1
  Eat: Chunk             |       |     4 ||     4
Armor: Robe              |    15 |       ||    15
       Ring mail         |     2 |    27 ||    29
       Chain mail        |       |    29 ||    29
Dodge: Dodged            |    56 |    66 ||   122
